Construct Section Command Post
Selects Heavy Armor Battlegroup
Construct Field Infirmary
Selects Rigorous Vehicle Training
Selects Light Vehicle Withdraw and Refit
Construct Platoon Command Post
Light Vehicle Withdraw and Refit
Selects Designate Targets
Light Vehicle Withdraw and Refit
Construct Company Command Post
Light Vehicle Withdraw and Refit
6-pounder Anti-tank Gun Team
Light Vehicle Withdraw and Refit
Light Vehicle Withdraw and Refit
Selects Forward Repair Assembly
Selects Churchill Black Prince Heavy Tank
Churchill Black Prince Heavy Tank
6-pounder Anti-tank Gun Team
Unlock Bishop Self-propelled Artillery
Bishop Self-propelled Artillery
Bishop Self-propelled Artillery
6-pounder Anti-tank Gun Team
Unlock M3 Grant Medium Tanks